 Dungeon Crawl Stone Soup version 0.29-a0-409-gd843f3a48c (webtiles) character file.

Game seed: 1914157603833945009

9 jlumianski the Skirmisher (level 2, 0/24 HPs)
             Began as a Demonspawn Fighter on May 13, 2022.
             Killed from afar by a dart slug (3 damage)
             ... with a slug dart
             ... on level 1 of the Dungeon.
             The game lasted 00:01:18 (551 turns).

jlumianski the Skirmisher (Demonspawn Fighter)       Turns: 551, Time: 00:01:18

Health: 0/24       AC:  6    Str: 16    XL:     2   Next: 3%
Magic:  2/2        EV:  8    Int:  9    God:
Gold:   11         SH:  4    Dex: 12    Spells: 1/1 levels left

rFire   . . .      SeeInvis .   g - +1 hand axe (vorpal)
rCold   . . .      Faith    .   c - +0 buckler
rNeg    . . .      Spirit   .   b - +0 scale mail
rPois   .          Reflect  .   (no helmet)
rElec   .          Harm     .   (no cloak)
rCorr   .          Rampage  .   (no gloves)
Will    .....                   (no boots)
Stlth   ..........              (no amulet)
HPRegen 0.08/turn               (no ring)
MPRegen 0.16/turn               (no ring)

@: no status effects
A: magic regeneration
a: no special abilities


You were on level 1 of the Dungeon.
You visited 1 branch of the dungeon, and saw 1 of its levels.

You collected 11 gold pieces.

Inventory:

Hand Weapons
 a - a +0 war axe
 g - a +1 vorpal hand axe (weapon)
Armour
 b - a +0 scale mail (worn)
 c - a +0 buckler (worn)
Scrolls
 h - a scroll of immolation {unknown}
Potions
 d - 2 potions of might
 e - a potion of haste {unknown}
 f - a potion of curing {unknown}
 i - a potion of resistance {unknown}


   Skills:
 + Level 3.1 Fighting
 + Level 2.1 Axes
 + Level 2.7 Armour
 + Level 2.8 Shields


You had one spell level left.
You didn't know any spells.
Your spell library was empty.

Dungeon Overview and Level Annotations

Branches:
Dungeon (1/15)

Altars:


Innate Abilities, Weirdness & Mutations

You regenerate magic rapidly.


Message History

The slug dart misses you. The dart slug launches a dart at you.
The slug dart hits you but does no damage.
The dart slug launches a dart at you. The slug dart misses you.
The dart slug closely misses you.
The dart slug bites you but does no damage.
The dart slug launches a dart at you. The slug dart hits you.
The dart slug barely misses you. The dart slug bites you.
The dart slug bites you but does no damage.
You block the dart slug's attack. The dart slug launches a dart at you.
The slug dart hits you. The dart slug bites you.
* * * LOW HITPOINT WARNING * * *
The dart slug bites you but does no damage.
You block the dart slug's attack. The dart slug barely misses you.
The dart slug launches a dart at you. The slug dart hits you.
* * * LOW HITPOINT WARNING * * *
The dart slug bites you but does no damage.
The dart slug launches a dart at you.
The slug dart hits you but does no damage.
You block the dart slug's attack.
The dart slug bites you but does no damage.
The dart slug closely misses you.
The dart slug bites you but does no damage.
You block the dart slug's attack.
The dart slug bites you but does no damage.
The dart slug bites you.
* * * LOW HITPOINT WARNING * * *
The dart slug launches a dart at you.
The slug dart hits you but does no damage.
You block the dart slug's attack. The dart slug launches a dart at you.
The slug dart hits you.
You die...

#...# #...# #
#...# #. #...#
#.. # ##### #..##
.# ... .#
#.####.###.#
#.....w@...#.#
######.#.....#
...#.###.#
#####.# #
#.###############
#..8.8.8.8.♣.8.♣.
#................
##.8.♣.8.♣.♣.8.8.
################


You could see a dart slug.

Vanquished Creatures
  A dart slug (D:1)
  A giant cockroach (D:1)
  2 hobgoblins (D:1)
  A kobold (D:1)
  A bat (D:1)
6 creatures vanquished.

Notes
Turn   | Place    | Note
-------+----------+-------------------------------------------
     0 | D:1      | jlumianski the Demonspawn Fighter began the quest for the
                  | Orb.
     0 | D:1      | Reached XP level 1. HP: 18/18 MP: 1/1
   458 | D:1      | Gained mutation: You regenerate magic rapidly. [demonic
                  | ancestry]
   458 | D:1      | Reached XP level 2. HP: 21/24 MP: 2/2
   551 | D:1      | Killed from afar by a dart slug

Illustrated notes

Levels and vault maps discovered:
D:1:      wander_arrival_lonely_grave, layout_basic,
          shapermc_ecumenical_altar_hornbeckon, st_stairs_8, chequers_avenue,
          serial_bayou_lake_a

Skill      XL: |  1 |
---------------+----+-----
Axes           | 2 |  2.1
Fighting       | |  3.1
Armour         | |  2.7
Shields        | |  2.8

Action                   || total
-------------------------++-------
Melee: Hand axe          ||    15
       War axe           ||     5
Armor: Scale mail        ||    23
Dodge: Dodged            ||    16
Block: Buckler           ||    12

Table legend: (Time is in decaauts)
 A = Elapsed time spent in this place.
 B = Non-inter-level travel time spent in this place.
 C = Inter-level travel time spent in this place.
 D = Time resting spent in this place.
 E = Time spent auto-exploring this place.
 F = Levels seen in this place.
 G = Mean time per level.
                   A        B        C        D        E       F      G
               +--------+--------+--------+--------+--------+-----+--------+
         Total |    556 |    556 |      0 |      0 |    387 |   1 |  556.0 |
       Dungeon |    556 |    556 |      0 |      0 |    387 |   1 |  556.0 |
               +--------+--------+--------+--------+--------+-----+--------+

Top non-repeatable levels by time:
     D:1: 556 daAuts
